 Dungeon Crawl Stone Soup version 0.27.1-2-g3b301248ec (webtiles) character file.

Game seed: 10961849203893635734

789 BobTheBalder the Firebug (level 7, 0/41 HPs)
             Began as an Octopode Fire Elementalist on Sept 29, 2021.
             Was an Initiate of Ashenzari.
             Succumbed to Maggie's poison
             ... on level 6 of the Dungeon.
             The game lasted 00:22:34 (8045 turns).

BobTheBalder the Firebug (OpFE)                     Turns: 8045, Time: 00:22:35

Health: 0/41       AC:  1    Str:  7    XL:     7   Next: 87%
Magic:  3/13       EV: 14    Int: 19    God:    Ashenzari [......]
Gold:   1506       SH:  0    Dex: 13    Spells: 7/14 levels left

rFire    . . .     SeeInvis .   e - staff of conjuration (curse) {Range, Bglg}
rCold    . . .     Faith    .   (no shield)
rNeg     . . .     Spirit   .   (helmet restricted)
rPois    .         Reflect  .   (no amulet)
rElec    .         Harm     .   (no ring)
rCorr    .         Rampage  .   (no ring)
Will     .....                  (no ring)
Stlth    ++++......             (no ring)
HPRegen  0.13/turn              (no ring)
MPRegen  0.13/turn              (no ring)
                                (no ring)
                                (no ring)

@: lethally poisoned (0 -> -18), mesmerised
A: almost no armour, amphibious, 8 rings, camouflage 1, gelatinous body 1,
(nimble swimmer 1), tentacles
a: Renounce Religion, Shatter the Chains


You were on level 6 of the Dungeon.
You worshipped Ashenzari.
Ashenzari was noncommittal.
You visited 2 branches of the dungeon, and saw 7 of its levels.

You collected 1506 gold pieces.

Inventory:

Hand Weapons
 c - a +0 dagger
 i - a +0 whip of draining
 l - the +7 hand axe "Xom Raneah" {vorpal, rElec Str+5 Int-2 Dex+4}
   (You took it off a goblin on level 4 of the Dungeon)

   It inflicts extra damage upon your enemies.
   Str:       It affects your strength (+5).
   Int:       It affects your intelligence (-2).
   Dex:       It affects your dexterity (+4).
   rElec:     It insulates you from electricity.
Magical Staves
 e - a cursed staff of conjuration (weapon) {Range, Bglg}
Scrolls
 a - 2 scrolls of vulnerability
 h - 3 scrolls of immolation
 j - 5 scrolls of teleportation
 m - a scroll of summoning
Potions
 b - 3 potions of flight
 d - a potion of curing
 f - a potion of brilliance
 g - 3 potions of attraction
 k - a potion of lignification
 n - 2 potions of ambrosia


   Skills:
 + Level 3.5 Dodging
 + Level 4.8 Stealth
 * Level 4.3 Spellcasting
 * Level 4.3(4.8) Conjurations
 * Level 5.1 Fire Magic


You had 7 spell levels left.
You knew the following spells:

 Your Spells              Type           Power      Damage    Failure   Level
a - Foxfire               Conj/Fire      100%       2x1d9     1%          1
b - Conjure Flame         Conj/Fire      34%        6-21      5%          3
c - Inner Flame           Hex/Fire       13%        N/A       14%         3

Your spell library contained the following spells:

 Spells                   Type           Power      Damage    Failure   Level
 Freeze                   Ice            16%        1d4       13%         1
 Sticky Flame             Conj/Fire      34%        2d5       17%         4
 Frozen Ramparts          Ice            8%         1d2       36%         3
 Hailstorm                Conj/Ice       19%        3d6       43%         4
 Fireball                 Conj/Fire      17%        3d9       43%         5
 Blade Hands              Tmut           2%         N/A       98%         5
 Iron Shot                Conj/Erth      9%         9d3       100%        6
 Animate Armour           Summ/Erth      Unusable   N/A       N/A         4

Dungeon Overview and Level Annotations

Branches:
Dungeon (6/15)             Temple (1/1) D:5

Altars:
Ashenzari
Cheibriados
Fedhas
Gozag
Kikubaaqudgha
Makhleb
Nemelex Xobeh
Okawaru
Qazlal
Ru
Trog
Uskayaw
Vehumet
Wu Jian
Yredelemnul
Zin
The Shining One

Shops:
D:2 [*([

Annotations:
D:1 exclusion: downstairs
D:6 Maggie


Innate Abilities, Weirdness & Mutations

You cannot wear most types of armour.
You are amphibious.
You can wear up to eight rings at the same time.
Your skin changes colour to match your surroundings (Stealth+).
Your rubbery body absorbs attacks. (AC +1, EV +1)
((You are camouflaged near water. (Stealth+)))
You have tentacles for arms and can constrict up to eight enemies at once.


Message History

Confirm with . or Enter, or press ? or * to list all spells.
You can't see any susceptible monsters within range! (Use Z to cast anyway.)
Casting: Foxfire (safe; 1% risk of failure)
Confirm with . or Enter, or press ? or * to list all spells.
You don't know that spell.
Casting: Foxfire (safe; 1% risk of failure)
Confirm with . or Enter, or press ? or * to list all spells.
Aiming: Inner Flame (dangerous; 14% risk of failure)
Press: ? - help, Shift-Dir - straight line, f/p - Maggie
Aim: Maggie, wielding a +3 broad axe of venom and wearing +0 steam dragon scales (mesmerising, ally target, chance to affect: 67%)
Your foxfire is unaffected.
The foxfire hits Maggie.
Maggie is lightly wounded.
Casting: Inner Flame (dangerous; 14% risk of failure)
Confirm with . or Enter, or press ? or * to list all spells.
You feel a surge of power!
You conjure some foxfire!
You cannot move away from Maggie!
You cannot move away from Maggie!
You cannot move away from Maggie!
The foxfire hits Maggie.
Maggie is lightly wounded.
Maggie is engulfed in blazing flames.
You hit Maggie but do no damage. You grab Maggie.
Maggie is heavily wounded.
You constrict Maggie.
Maggie hits you with a +3 broad axe of venom!
You are poisoned.
You hit Maggie. You squeeze Maggie.
Maggie is heavily wounded.
You constrict Maggie, but do no damage.
You feel very sick.
Maggie points at you and mumbles some strange words.
The bolt of fire hits you!
* * * LOW HITPOINT WARNING * * *
The bolt of fire hits your foxfire.
Your foxfire completely resists.
You hit Maggie but do no damage.
Maggie is heavily wounded.
You constrict Maggie, but do no damage.
You die...

....>.##.
........###
..........#
#.# #.# #o#
#ยง# #@#
#@# #v# #.#
#.#
#######.#
#.......#
#.#######
#.....#####
###.......#


You could see Maggie (mesmerising, ally target) and an orc.

Vanquished Creatures
  A water moccasin (D:5)
  A black bear (D:5)
  An ogre (D:5)
  A wyvern skeleton (D:3)
  A water moccasin zombie (D:5)
  An orc priest (D:3)
  2 jellies (D:5)
  A centaur skeleton (D:6)
  An iguana (D:5)
  An orc wizard (D:3)
  8 gnolls
  6 adders
  A white imp (D:5)
  An ufetubus (D:4)
  3 worms
  3 orcs (D:3)
  5 bats
  4 endoplasms
  3 giant cockroaches
  8 goblins
  8 hobgoblins
  7 jackals
  6 kobolds
  3 quokkas
  8 ball pythons
  2 frilled lizards
87 creatures vanquished.

Vanquished Creatures (others)
  382 foxfires
  8 plants
390 creatures vanquished.

Grand Total: 477 creatures vanquished

Notes
Turn   | Place    | Note
-------+----------+-------------------------------------------
     0 | D:1      | BobTheBalder the Octopode Fire Elementalist began the quest
                  | for the Orb.
     0 | D:1      | Reached XP level 1. HP: 11/11 MP: 3/3
   495 | D:1      | Reached XP level 2. HP: 7/17 MP: 0/5
  1604 | D:2      | Reached XP level 3. HP: 18/21 MP: 2/6
  1885 | D:2      | Reached XP level 4. HP: 27/27 MP: 0/7
  2063 | D:2      | Found Fowuq's Armour Boutique.
  2166 | D:2      | Found Hevadghi's Assorted Antiques.
  2185 | D:2      | Found Ejireite's Antique Armour Shop.
  2311 | D:2      | Found Uggappifa's Weapon Shoppe.
  2735 | D:2      | Identified a scroll of acquirement
  2735 | D:2      | Acquired a staff of conjuration
  3063 | D:3      | Learned a level 3 spell: Conjure Flame
  3389 | D:3      | Reached XP level 5. HP: 27/31 MP: 6/9
  3419 | D:2      | Acquired 1267 gold pieces
  3677 | D:3      | Found a faded altar of an unknown god.
  3894 | D:3      | Reached skill level 4 in Fire Magic
  4331 | D:3      | Reached XP level 6. HP: 33/36 MP: 4/10
  5185 | D:4      | Found a burning altar of Makhleb.
  5185 | D:4      | Found a broken altar of Ashenzari.
  5186 | D:4      | Found a glowing silver altar of Zin.
  5199 | D:4      | Became a worshipper of Ashenzari the Shackled
  5352 | D:4      | Identified the +7 hand axe "Xom Raneah" {vorpal, rElec
                  | Str+5 Int-2 Dex+4}
  5361 | D:4      | Found an opulent altar of Gozag.
  5996 | D:5      | Entered Level 5 of the Dungeon
  6268 | D:5      | Noticed a black bear
  6285 | D:5      | Reached XP level 7. HP: 41/41 MP: 9/12
  6892 | D:5      | Identified the +1 robe of Ymmamm {Dex+4}
  7073 | D:5      | Found a staircase to the Ecumenical Temple.
  7085 | Temple   | Entered the Ecumenical Temple
  7399 | D:5      | Reached skill level 5 in Fire Magic
  7938 | D:4      | Learned a level 3 spell: Inner Flame
  8031 | D:6      | Noticed Maggie
  8045 | D:6      | Succumbed to Maggie's poison

Illustrated notes

Levels and vault maps discovered:
D:1:      nicolae_arrival_memento_mori, layout_basic
D:2:      layout_rooms, serial_shops, nicolae_shop_trees, shop,
          nicolae_shop_behind_doors, shop, minivault_19
D:3:      layout_basic, shapermc_ecumenical_altar_notcrosses, solitary_fountain,
          amcnicky_mini_pool_small
D:4:      layout_cave_pools, gammafunk_temple_overflow_forgotten,
          nicolae_gozag_seed_capital, lemuel_flame_loot_1
D:5:      layout_basic, minmay_temple_entry_offerings, grunt_ministairs_9,
          serial_park_tiny_2, serial_bayou_pond_c
D:6:      layout_basic, ebering_ghost_disaster_area, minmay_manual_moon,
          uniq_maggie
Temple:   dshaligram_water_room_temple

Skill      XL: |  1  2  3  4  5  6  7 |
---------------+----------------------+-----
Stealth        | 3 4 |  4.8
Conjurations   | 2 3 4 |  4.3
Spellcasting   | 3 4 |  4.3
Fire Magic     | 4 5 |  5.1
Dodging        | 3 |  3.5

Action                   |  1- 3 |  4- 6 |  7- 9 || total
-------------------------+-------+-------+-------++-------
Melee: Unarmed           |     9 |       |       ||     9
       Dagger            |    23 |       |       ||    23
       Tentacles         |     7 |     3 |     4 ||    14
       Constrict         |     6 |     5 |     3 ||    14
       Staff             |       |    13 |    14 ||    27
       Whip              |       |     2 |       ||     2
 Cast: Foxfire           |    61 |   159 |    35 ||   255
       Conjure Flame     |       |     3 |     1 ||     4
       Inner Flame       |       |       |     3 ||     3
Invok: Curse Item        |       |       |     1 ||     1
  Use: Scroll            |       |     9 |     1 ||    10
 Stab: Sleeping          |     1 |       |       ||     1
Armor: Skin              |     1 |       |     2 ||     3
Dodge: Dodged            |    22 |    16 |    23 ||    61
